 Dungeon Crawl Stone Soup version 0.31-a0-1074-g0b22e4e0f1 (webtiles) character file.

Game seed: 15171619490276450260

9 bmb222 the Trooper (level 2, 0/24 HPs)
             Began as a Demonspawn Fighter on Nov 30, 2023.
             Succumbed to a goblin's poison
             ... on level 1 of the Dungeon.
             The game lasted 00:00:23 (86 turns).

bmb222 the Trooper (Demonspawn Fighter)               Turns: 86, Time: 00:00:23

Health: 0/24       AC:  6    Str: 16    XL:     2   Next: 6%
Magic:  2/2        EV:  8    Int:  9    God:
Gold:   17         SH:  4    Dex: 12    Spells: 1/1 levels left

rFire   . . .        a - +0 flail
rCold   . . .        c - +0 buckler
rNeg    . . .        b - +0 scale mail
rPois   .            (no helmet)
rElec   .            (no cloak)
rCorr   .            (no gloves)
SInv    .            (no boots)
Will    .....        (no amulet) Stlth
                     (no ring)
HPRegen 0.24/turn    (no ring)
MPRegen 0.08/turn

%: no passive effects
@: lethally poisoned (0 -> -5)
A: hooves 1
a: no special abilities


You were on level 1 of the Dungeon.
You visited 1 branch of the dungeon, and saw 1 of its levels.

You collected 17 gold pieces.

Inventory:

Hand Weapons
 a - a +0 flail (weapon)
Armour
 b - a +0 scale mail (worn)
 c - a +0 buckler (worn)
Potions
 d - a potion of might


   Skills:
 + Level 3.1 Fighting
 * Level 2.0 Maces & Flails
 + Level 2.8 Armour
 * Level 2.9 Shields


You had one spell level left.
You didn't know any spells.
Your spell library was empty.

Dungeon Overview and Level Annotations

Branches:
Dungeon (1/15)

Altars:


Innate Abilities, Weirdness & Mutations

You have large cloven feet.


Message History

The goblin shouts!
There are monsters nearby!
A ball python comes into view.
Found an escape hatch in the floor.
The ball python hisses angrily.
The goblin hits you but does no damage.
You are poisoned.
There are monsters nearby!
You sock the ball python!
You kill the ball python!
You feel sick. The goblin hits you but does no damage.
The ball python bites you but does no damage.
The ball python closely misses you.
Your Maces & Flails skill increases to level 2!
There are monsters nearby!
You sock the ball python!
You kill the ball python!
You feel sick. The goblin hits you but does no damage.
You are more poisoned.
The goblin hits you with a +1 dagger of venom.
You have reached level 2!
Your demonic ancestry asserts itself...
Your feet thicken and deform.
You closely miss the goblin. Your kick misses the goblin.
You feel sick.
The goblin hits you with a +1 dagger of venom.
You are lethally poisoned!
You hit the goblin.
You kill the goblin!
* * * LOW HITPOINT WARNING * * *
You feel very sick.
* * * LOW HITPOINT WARNING * * *
You feel sick.
You see here a +1 dagger of venom.
Unknown command.
Okay, then.
* * * LOW HITPOINT WARNING * * *
You feel sick.
* * * LOW HITPOINT WARNING * * *
You feel sick.
You die...

###.......#
).....#.#.##### .#
###............ .#
#....#.#.### .#
#.##.....# #>## #.
###.#########...##
..
#..............###
###
#########.†.......
#†@.....#
#.......#
........##
#####....# ###.#
.# #


There were no monsters in sight!

Vanquished Creatures
  3 ball pythons (D:1)
  A goblin (D:1)
  A hobgoblin (D:1)
  A bat (D:1)
  2 kobolds (D:1)
8 creatures vanquished.

Notes
Turn   | Place    | Note
-------+----------+-------------------------------------------
     0 | D:1      | bmb222 the Demonspawn Fighter began the quest for the Orb.
     0 | D:1      | Reached XP level 1. HP: 18/18 MP: 1/1
    81 | D:1      | Gained mutation: You have large cloven feet. [demonic
                  | ancestry]
    81 | D:1      | Reached XP level 2. HP: 14/24 MP: 2/2
    85 | D:1      | HP: 1/24 [poisoned by a goblin]
    86 | D:1      | Succumbed to a goblin's poison

Illustrated notes

Levels and vault maps discovered:
D:1:      nzn_arrival_depleted_hourglass, layout_loops_ring

Skill      XL: |  1 |
---------------+----+-----
Maces & Flails | 2 |  2.0
Fighting       | |  3.1
Armour         | |  2.8
Shields        | |  2.9

Action                     || total
---------------------------++-------
  Melee: Flail             ||    14
 Armour: Scale mail        ||    12
  Dodge: Dodged            ||     8
  Block: Buckler           ||     3

Table legend: (Time is in decaauts)
 A = Elapsed time spent in this place.
 B = Non-inter-level travel time spent in this place.
 C = Inter-level travel time spent in this place.
 D = Time resting spent in this place.
 E = Time spent auto-exploring this place.
 F = Levels seen in this place.
 G = Mean time per level.
                   A        B        C        D        E       F      G
               +--------+--------+--------+--------+--------+-----+--------+
         Total |     90 |     90 |      0 |      0 |     53 |   1 |   90.0 |
       Dungeon |     90 |     90 |      0 |      0 |     53 |   1 |   90.0 |
               +--------+--------+--------+--------+--------+-----+--------+

Top non-repeatable levels by time:
     D:1: 90 daAuts
